 Dungeon Crawl Stone Soup version 0.19-a0-1002-g674d22e (webtiles) character file.

333 HAL9000 the Cudgeler (level 6, -1/65 HPs)
             Began as an Ogre Hunter on July 18, 2016.
             Slain by an iguana (3 damage)
             ... on level 4 of the Dungeon.
             The game lasted 00:09:58 (3935 turns).

HAL9000 the Cudgeler (Ogre Hunter)                  Turns: 3935, Time: 00:09:59

Health: -1/65      AC:  3    Str: 23    XL:     6   Next: 52%
Magic:  6/6        EV: 10    Int: 10    God:
Gold:   154        SH:  0    Dex: 12    Spells: 0 memorised, 5 levels left

rFire  + . .     SeeInvis .     E - +0 flail
rCold  x . .     Gourm    .     b - +0 robe
rNeg   . . .     Faith    .     (no shield)
rPois  .         Spirit   .     (helmet restricted)
rElec  .         Dismiss  .     (no cloak)
rCorr  .         Reflect  .     (gloves unavailable)
SustAt .         Harm     .     (boots unavailable)
MR     .....                    (no amulet)
Stlth  +.........               w - +5 ring of strength
                                n - ring of fire

@: slowed, very slow, not resistant to hostile enchantments, very unstealthy
A: unfitting armour, tough skin 1
a: no special abilities


You were on level 4 of the Dungeon.
You were not hungry.

You visited 1 branch of the dungeon, and saw 4 of its levels.

You collected 154 gold pieces.

Inventory:

Hand Weapons
 E - a +0 flail (weapon)
Missiles
 c - 4 large rocks (quivered)
 d - a throwing net
 C - 4 tomahawks
Armour
 b - a +0 robe (worn)
Jewellery
 n - a ring of fire (left hand)
 w - a +5 ring of strength (right hand)
Scrolls
 g - a scroll of remove curse {unknown}
 m - a scroll of recharging {unknown}
 o - a scroll of enchant armour {unknown}
 p - a scroll of blinking {unknown}
 s - 4 scrolls of identify
 y - a scroll of enchant weapon {unknown}
 B - a scroll of fear {unknown}
 F - a scroll of fog {unknown}
Books
 t - a book of the Warp

   Spells                             Type                      Level
   a - Recall                         Summoning/Translocation      3
   b - Gell's Gravitas                Hexes/Translocation          3
   c - Force Lance                    Conjuration/Translocation    4
   d - Warp Weapon                    Charms/Translocation         5
   e - Summon Forest                  Summoning/Translocation      5
 x - a book of Conjurations

   Spells                             Type                      Level
   a - Magic Dart                     Conjuration                  1
   b - Searing Ray                    Conjuration                  2
   c - Dazzling Spray                 Conjuration/Hexes            3
   d - Fulminant Prism                Conjuration/Hexes            4
   e - Iskenderun's Mystic Blast      Conjuration                  4
   f - Iskenderun's Battlesphere      Conjuration/Charms           5
Comestibles
 f - 5 bread rations
 h - 2 beef jerkies
 l - a slice of pizza
 A - 2 meat rations


   Skills:
 - Level 4.8 Fighting
 + Level 7.2 Maces & Flails
 - Level 4.0 Throwing
 - Level 1.7 Dodging
 - Level 0.7 Stealth


You had 5 spell levels left.
You didn't know any spells.

Dungeon Overview and Level Annotations

Branches:
Dungeon (4/15)             Temple (0/1) D:4

Altars:
Nemelex Xobeh
Ru
Xom


Innate Abilities, Weirdness & Mutations

You are too large for most types of armour.
You have tough skin. (AC +1)


Message History

Unknown command.
You aren't carrying any potions.
You aren't carrying any potions.
Okay, then.
You barely miss the orc wizard. The orc wizard casts a spell at you.
You feel yourself slow down. The orc wizard barely misses you.
Unknown command.
Throwing (i - inventory. (,) - cycle):
c - 5 large rocks (quivered)
Press: ? - help, Shift-Dir - straight line, f - orc
Aim: an orc, wielding a flail You throw a large rock.
The large rock closely misses the orc.
The orc wizard hits you but does no damage.
The orc closely misses you. The orc wizard hits you with a dagger.
* * * LOW HITPOINT WARNING * * *
The orc wizard gestures wildly while chanting.
The orc wizard blinks!
The orc hits you with a flail!
* * * LOW HITPOINT WARNING * * *
The iguana bites you.
You die...

#.............#
#.............#
#.............#
#............(#
#...........>.###
#.......o.......+
#.............###.
#........o.......#
#.......@l....##
##########.....#
#.....# ......#
##........
.....#..# .##..#
.# . ..# # ## ..#


You could see an iguana, an orc wizard and an orc.

Vanquished Creatures
  A centaur (D:3)
  The ghost of Amnesiac the Grave Robber, a weakling OgNe (D:3)
  An orc priest (D:3)
  A worker ant (D:4)
  3 adders
  4 oozes
  A dart slug (D:1)
  6 giant geckos
  11 orcs
  5 ball pythons
  8 bats
  6 giant cockroaches
  13 goblins
  7 hobgoblins
  5 jackals (D:1)
  3 giant newts
  9 kobolds
  A quokka skeleton (D:4)
  7 rats
93 creatures vanquished.

Notes
Turn   | Place    | Note
-------+----------+-------------------------------------------
     0 | D:1      | HAL9000 the Ogre Hunter began the quest for the Orb.
     0 | D:1      | Reached XP level 1. HP: 22/22 MP: 1/1
   171 | D:1      | Reached XP level 2. HP: 26/32 MP: 2/2
   485 | D:1      | Reached XP level 3. HP: 14/40 MP: 3/3
   493 | D:1      | Reached skill level 1 in Maces & Flails
  1032 | D:1      | Reached skill level 2 in Maces & Flails
  1369 | D:2      | Reached XP level 4. HP: 47/49 MP: 4/4
  1600 | D:2      | Reached skill level 3 in Maces & Flails
  1991 | D:2      | You fall through a shaft!
  2040 | D:3      | Noticed Amnesiac's ghost (weakling OgNe)
  2043 | D:3      | Killed Amnesiac's ghost
  2043 | D:3      | Reached skill level 4 in Maces & Flails
  2043 | D:3      | Reached XP level 5. HP: 54/55 MP: 5/5
  2210 | D:3      | Found a sacrificial altar of Ru.
  2290 | D:2      | Found a sparkling altar of Nemelex Xobeh.
  2441 | D:3      | Found a faded altar of an unknown god.
  2459 | D:3      | Reached skill level 5 in Maces & Flails
  2629 | D:3      | HP: 1/55 [orc/dagger (4)]
  3035 | D:3      | Noticed a centaur
  3037 | D:3      | Found a shimmering altar of Xom.
  3048 | D:3      | Killed a centaur
  3048 | D:3      | Reached skill level 6 in Maces & Flails
  3048 | D:3      | Reached XP level 6. HP: 6/65 MP: 6/6
  3459 | D:4      | Reached skill level 7 in Maces & Flails
  3898 | D:4      | Found a staircase to the Ecumenical Temple.
  3935 | D:4      | HP: 2/65 [orc/flail (8)]
  3935 | D:4      | Slain by an iguana

Vault maps used:
D:1:      mainiacjoe_arrival_reflecting_pool, minmay_tall_x
D:2:      lemuel_doored_altar
D:3:      nicolae_ru_sacrificial_ziggurat, lemuel_crystal_altar,
          ecumenical_altar_1, first_bread

Skill      XL: |  1  2  3  4  5  6 |
---------------+-------------------+-----
Fighting       | 3 4 |  4.8
Maces & Flails | 2 4 6 7 |  7.2
Throwing       | |  4.0
Dodging        | |  1.7
Stealth        | |  0.7

Action                   |  1- 3 |  4- 6 || total
-------------------------+-------+-------++-------
Melee: Short sword       |   156 |   121 ||   277
       Flail             |       |    43 ||    43
Throw: Large rock        |       |    14 ||    14
       Throwing net      |       |     2 ||     2
  Use: Potion            |       |     3 ||     3
       Scroll            |       |     3 ||     3
 Stab: Distracted        |     1 |       ||     1
       Sleeping          |     1 |     1 ||     2
  Eat: Chunk             |     2 |     8 ||    10
Armor: Robe              |    58 |    41 ||    99
Dodge: Dodged            |   107 |    93 ||   200
